 Dungeon Crawl Stone Soup version 0.16.2-2-g470672f (webtiles) character file.

181 monobi the Insei (level 5, -4/37 HPs)
             Began as an Octopode Monk on Sept 4, 2015.
             Slain by Pikel
             ... wielding a +2 whip of electrocution
              (17 damage)
             ... on level 4 of the Dungeon.
             The game lasted 00:03:13 (1937 turns).

monobi the Insei (Octopode Monk)                    Turns: 1937, Time: 00:03:13

Health: -4/37      AC:  1    Str: 11    XL:     5   Next: 61%
Magic:  5/5        EV: 14    Int: 12    God:
Gold:   154        SH:  0    Dex: 15    Spells: 0 memorised, 4 levels left

rFire  . . .     SeeInvis .       - Unarmed
rCold  . . .     Clarity  .     (no shield)
rNeg   . . .     SustAb   .     (helmet restricted)
rPois  .         Gourm    .     (no amulet)
rElec  .         Spirit   .     (no ring)
rCorr  .         Warding  .     (no ring)
rMut   .         Stasis   .     (no ring)
MR     .....                    (no ring)
Stlth  ++++......               (no ring)
                                (no ring)
                                (no ring)
                                (no ring)

@: not resistant to hostile enchantments, stealthy
A: almost no armour, amphibious, 8 rings, constrict 8, camouflage 1, gelatinous
body 1
a: no special abilities


You were on level 4 of the Dungeon.
You were not hungry.

You visited 1 branch of the dungeon, and saw 4 of its levels.

You collected 154 gold pieces.

Inventory:

Scrolls
 d - a scroll of teleportation {unknown}
 e - 3 scrolls of remove curse {unknown}
 f - 2 scrolls of noise {unknown}
 i - a scroll of blinking {unknown}
 j - 3 scrolls of identify {unknown}
Potions
 a - 2 potions of heal wounds
 c - a potion of flight {unknown}
 h - a potion of beneficial mutation {unknown}
 k - a potion of resistance {unknown}
 l - a potion of lignification {unknown}
Comestibles
 b - 2 bread rations
 g - a slice of pizza


   Skills:
 + Level 3.8 Fighting
 + Level 3.7 Dodging
 + Level 4.9 Stealth
 + Level 4.9 Unarmed Combat


You had 4 spell levels left.
You didn't know any spells.

Dungeon Overview and Level Annotations

Branches:
Dungeon (4/15)
 Temple: D:4-7

Altars:
Dithmenos

Annotations:
D:4 Pikel


Innate Abilities, Weirdness & Mutations

You cannot wear most types of armour.
You are amphibious.
You can wear up to eight rings at the same time.
You can use your tentacles to constrict many enemies at once.
Your skin changes colour to match your surroundings (Stealth).
Your rubbery body absorbs attacks (AC +1).


Message History

There are monsters nearby!
There are monsters nearby!
You are too injured to fight recklessly!
There are monsters nearby!
You release your grip on the slave.
The slave barely misses you. The slave hits you.
* * * LOW HITPOINT WARNING * * *
There is an open door here.
You are too injured to fight recklessly!
Drink which item? (? for menu, Esc to quit)
It was a potion of heal wounds.
You feel much better. The slave hits you! The slave barely misses you.
You tentacle-slap the slave. Your grab misses the slave.
The slave is lightly wounded.
You completely miss Pikel. Your grab misses Pikel. Your squeeze misses Pikel.
You tentacle-slap Pikel. Your grab misses Pikel.
Pikel is lightly wounded.
Pikel hits you with a whip of electrocution.
You are electrocuted!
You die...

######### #.>.....#
#.......# #..(....#
#...!...# #.......#
#####..ppp..#
#####+###...####K####
<.....>'.....#..@..#
.......#.....'.....#
.####'##....##'#####
<##...##....#.......#
............+.......#
............#.......#
###....#............#
##+################


You could see Pikel and 3 slaves.

Vanquished Creatures
  A centaur skeleton (D:4)
  5 adders
  3 worms
  4 giant geckos
  2 orcs (D:3)
  6 giant cockroaches
  6 goblins
  7 hobgoblins
  16 jackals
  2 ball pythons
  8 bats
  3 giant newts
  13 kobolds
  10 rats
86 creatures vanquished.

Vanquished Creatures (others)
  A fungus (D:1)
1 creature vanquished.

Grand Total: 87 creatures vanquished

Notes
Turn   | Place    | Note
--------------------------------------------------------------
     0 | D:1      | monobi, the Octopode Monk, began the quest for the Orb.
     0 | D:1      | Reached XP level 1. HP: 16/16 MP: 1/1
    96 | D:1      | Reached XP level 2. HP: 19/21 MP: 2/2
   383 | D:1      | Reached XP level 3. HP: 24/26 MP: 3/3
   724 | D:2      | Reached XP level 4. HP: 23/31 MP: 4/4
  1255 | D:3      | Found a shadowy altar of Dithmenos.
  1438 | D:3      | Reached XP level 5. HP: 10/37 MP: 5/5
  1924 | D:4      | Noticed Pikel
  1924 | D:4      | Noticed a slave
  1924 | D:4      | Noticed a slave
  1924 | D:4      | Noticed a slave
  1924 | D:4      | Noticed a slave
  1937 | D:4      | Slain by Pikel

Action                   |  1- 3 |  4- 6 || total
-------------------------+-------+-------++-------
Melee: Unarmed           |    81 |   118 ||   199
  Use: Potion            |       |     1 ||     1
 Stab: Sleeping          |    13 |    10 ||    23
       Distracted        |       |     1 ||     1
  Eat: Meat ration       |       |     1 ||     1
